 Dungeon Crawl Stone Soup version 0.21.1-1-g345015f (webtiles) character file.

67 letownia2 the Insei (level 4, -1/32 HPs)
             Began as a Merfolk Transmuter on Mar 14, 2018.
             Killed from afar by an orc wizard (10 damage)
             ... with a magic dart
             ... on level 4 of the Dungeon.
             The game lasted 00:03:27 (559 turns).

letownia2 the Insei (Merfolk Transmuter)             Turns: 559, Time: 00:03:28

Health: -1/32      AC:  2    Str: 11    XL:     4   Next: 16%
Magic:  3/7        EV: 21    Int: 12    God:
Gold:   61         SH:  0    Dex: 19    Spells: 1/7 levels left

rFire    . . .     SeeInvis .     - Unarmed
rCold    . . .     Gourm    .   (shield currently unavailable)
rNeg     . . .     Faith    .   (armour currently unavailable)
rPois    x         Spirit   .   (helmet currently unavailable)
rElec    .         Reflect  .   (cloak currently unavailable)
rCorr    .         Harm     .   (gloves currently unavailable)
MR       .....                  (boots currently unavailable)
Stlth    ++........             (no amulet)
HPRegen  0.10/turn              (no ring)
MPRegen  0.10/turn              (no ring)

@: spider-form (expiring)
A: tiny, (change form in water), (swift swim), (stealthy swim)
a: End Transformation


You were on level 4 of the Dungeon.
You were not hungry.
You were a venomous arachnid creature.
You visited 1 branch of the dungeon, and saw 4 of its levels.

You collected 61 gold pieces.

Inventory:

Hand Weapons
 b - a cursed -1 fustibalus
 k - a +2 short sword of flaming
Missiles
 a - 12 arrows
 f - 11 sling bullets
Armour
 l - a +0 pair of boots (melded)
 m - a +0 leather armour (melded)
Scrolls
 g - a scroll of immolation {unknown}
 h - a scroll of remove curse {unknown}
 i - a scroll of identify {unknown}
 n - a scroll of amnesia {unknown}
 o - 2 scrolls of enchant weapon {unknown}
Potions
 e - a potion of heal wounds {unknown}
 j - 2 potions of lignification {unknown}
 p - a potion of degeneration {unknown}
Books
 c - a book of Changes

   Spells                             Type                      Level
   a - Beastly Appendage              Transmutation                1
   b - Sticks to Snakes               Transmutation                2
   c - Spider Form                    Transmutation/Poison         3
   d - Ice Form                       Ice/Transmutation            4
   e - Blade Hands                    Transmutation                5
Comestibles
 d - a ration


   Skills:
 - Level 1.1 Fighting
 - Level 2.6 Dodging
 - Level 4.7 Unarmed Combat
 - Level 2.0 Spellcasting
 + Level 3.5 Transmutations
 - Level 1.4 Poison Magic


You had one spell level left.
You knew the following spells:

 Your Spells              Type           Power        Failure   Level  Hunger
a - Beastly Appendage     Tmut           #.....       17%         1    ##.....
l - Sticks to Snakes      Tmut           #.......     24%         2    ###....
p - Spider Form           Tmut/Pois      #.........   52%         3    ####...


Dungeon Overview and Level Annotations

Branches:
Dungeon (4/15)
 Temple: D:4-7

Altars:
Fedhas
Uskayaw


Message History

The orc wizard gestures wildly while chanting.
The orc wizard blinks!
You hit the orc wizard but do no damage.
The orc wizard is poisoned.
The orc wizard hits you with a dagger.
You barely miss the orc wizard. The orc barely misses you.
The orc wizard hits you with a dagger.
Unknown command.
You hit the orc wizard.
The orc wizard is heavily wounded.
The orc hits you with a falchion. The orc wizard completely misses you.
Unknown command.
The orc wizard hits you but does no damage.
Unknown command.
You hit the orc wizard but do no damage.
The orc wizard is severely wounded.
The orc hits you with a falchion.
* * * LOW HITPOINT WARNING * * *
The orc wizard casts a spell at you. The magic dart hits you!
You die...

# .# .###
##. ....#
###.. .....
... ... #)#
#.##o#
#..so###..#
##......#
#.<###.#
#(## .. #.
. .. ..#
###


You could see an orc wizard and an orc.

Vanquished Creatures
  3 adders
  A worm (D:3)
  An orc (D:4)
  A giant cockroach (D:3)
  5 hobgoblins
  3 jackals (D:3)
  4 bats
  2 frilled lizards
  8 goblins
  6 kobolds
  A rat (D:2)
35 creatures vanquished.

Notes
Turn   | Place    | Note
-------+----------+-------------------------------------------
     0 | D:1      | letownia2 the Merfolk Transmuter began the quest for the Orb.
     0 | D:1      | Reached XP level 1. HP: 15/15 MP: 3/3
    98 | D:2      | Reached XP level 2. HP: 16/21 MP: 3/5
   102 | D:2      | Reached skill level 4 in Unarmed Combat
   108 | D:2      | Learned a level 2 spell: Sticks to Snakes
   193 | D:2      | Reached XP level 3. HP: 7/26 MP: 4/6
   212 | D:2      | Learned a level 3 spell: Spider Form
   296 | D:2      | Noticed a dagger
   296 | D:2      | Noticed a dagger
   299 | D:2      | Found a hide-covered altar of Uskayaw.
   431 | D:3      | Reached skill level 1 in Poison Magic
   446 | D:3      | Reached XP level 4. HP: 21/32 MP: 1/7
   509 | D:3      | Found a blossoming altar of Fedhas.
   559 | D:4      | Killed from afar by an orc wizard

Skill      XL: |  1  2  3 |
---------------+----------+-----
Unarmed Combat | 4 |  4.7
Transmutations | 3 |  3.5
Poison Magic   | 1 |  1.4
Fighting       | |  1.1
Dodging        | |  2.6
Spellcasting   | |  2.0

Action                   |  1- 3 |  4- 6 || total
-------------------------+-------+-------++-------
Melee: Unarmed           |    87 |    21 ||   108
       Headbutt          |     5 |     1 ||     6
       Punch             |     1 |       ||     1
 Cast: Beastly Appendage |    11 |       ||    11
       Spider Form       |     2 |     2 ||     4
  Use: Potion            |     1 |       ||     1
Armor: Robe              |     5 |       ||     5
       Leather armour    |    10 |     3 ||    13
Dodge: Dodged            |    69 |    15 ||    84
